 Dungeon Crawl Stone Soup version 0.21.1-1-g345015f (webtiles) character file.

2384 valkyrieboi the Cleaver (level 9, -4/81 HPs)
             Began as a Hill Orc Fighter on May 29, 2018.
             Slain by a hog (8 damage)
             ... on level 7 of the Dungeon.
             The game lasted 00:06:11 (6988 turns).

valkyrieboi the Cleaver (Hill Orc Fighter)          Turns: 6988, Time: 00:06:12

Health: -4/81      AC:  9    Str: 22    XL:     9   Next: 45%
Magic:  0/9        EV:  8    Int:  8    God:
Gold:   404        SH:  9    Dex: 10    Spells: 8/8 levels left

rFire    . . .     SeeInvis .   a - +0 war axe
rCold    + . .     Gourm    .   c - +0 shield
rNeg     . . .     Faith    .   N - +3 ring mail {rC+}
rPois    .         Spirit   +   (no helmet)
rElec    .         Reflect  .   (no cloak)
rCorr    .         Harm     .   (no gloves)
MR       .....                  (no boots)
Stlth    +.........             J - amulet of guardian spirit
HPRegen  0.23/turn              I - ring of stealth
MPRegen  0.11/turn              (no ring)

@: no status effects
A: no striking features
a: no special abilities


You were on level 7 of the Dungeon.
You were very hungry.

You visited 1 branch of the dungeon, and saw 7 of its levels.

You collected 404 gold pieces.

Inventory:

Hand Weapons
 a - a +0 war axe (weapon)
 x - a +0 arbalest
Missiles
 n - 160 arrows
 p - 15 tomahawks (quivered)
 r - 2 throwing nets
Armour
 b - a +0 scale mail
 c - a +0 shield (worn)
 y - a +1 leather armour of magic resistance
 N - a +3 ring mail of cold resistance (worn)
Jewellery
 I - a ring of stealth (left hand)
 J - an amulet of guardian spirit (around neck)
 L - an uncursed ring of flight {unknown}
 M - an uncursed amulet of faith {unknown}
Wands
 A - a wand of iceblast (24)
 B - a wand of acid (17)
 C - a wand of random effects (78)
Scrolls
 e - 7 scrolls of remove curse {unknown}
 h - 5 scrolls of identify {unknown}
 i - 5 scrolls of teleportation {unknown}
 l - a scroll of immolation {unknown}
 m - a scroll of fear {unknown}
 o - 2 scrolls of enchant armour {unknown}
 z - 4 scrolls of magic mapping {unknown}
 D - a scroll of noise {unknown}
 E - 2 scrolls of blinking {unknown}
Potions
 d - 2 potions of might
 g - 2 potions of curing {unknown}
 j - 4 potions of heal wounds {unknown}
 k - a potion of agility {unknown}
 q - 2 potions of flight {unknown}
 s - a potion of mutation {unknown}
 u - 2 potions of berserk rage {unknown}
 v - a potion of magic {unknown}
 F - 3 potions of degeneration {unknown}
 G - a potion of brilliance {unknown}
Books
 t - a book of Minor Magic

   Spells                             Type                      Level
   a - Magic Dart                     Conjuration                  1
   b - Blink                          Translocation                2
   c - Call Imp                       Summoning                    2
   d - Slow                           Hexes                        2
   e - Conjure Flame                  Conjuration/Fire             3
   f - Mephitic Cloud                 Conjuration/Poison/Air       3
 w - a book of Misfortune

   Spells                             Type                      Level
   a - Confusing Touch                Hexes                        1
   b - Confuse                        Hexes                        3
   c - Gell's Gravitas                Translocation                3
   d - Petrify                        Transmutation/Earth          4
   e - Metabolic Englaciation         Hexes/Ice                    5
   f - Yara's Violent Unravelling     Hexes/Transmutation          5
 H - a book of Maledictions

   Spells                             Type                      Level
   a - Corona                         Hexes                        1
   b - Ensorcelled Hibernation        Hexes/Ice                    2
   c - Confuse                        Hexes                        3
   d - Tukima's Dance                 Hexes                        3
   e - Dazzling Spray                 Conjuration/Hexes            3
Comestibles
 f - 14 rations


   Skills:
 + Level 8.2 Fighting
 * Level 11.5 Axes
 + Level 7.6 Armour
 - Level 3.2 Shields


You had 8 spell levels left.
You didn't know any spells.

Dungeon Overview and Level Annotations

Branches:
Dungeon (7/15)             Temple (0/1) D:7

Altars:
Kikubaaqudgha
Okawaru


Message History

The hog is severely wounded.
You barely miss the hog. The hog bites you but does no damage.
The hog bites you!
* * * LOW HITPOINT WARNING * * *
You block the hog's attack. The hog bites you but does no damage.
You slash the hog!
You kill the hog!
You hit the hog. You block the hog's attack.
You closely miss the hog.
The hog is severely wounded.
The hog bites you.
You hit the hog.
The hog is almost dead.
The hog bites you.
* * * LOW HITPOINT WARNING * * *
The hog bites you but does no damage.
You closely miss the hog.
The hog is almost dead.
The hog bites you!
You die...

##############
#####.............
##...#.............
#..................
##'#####...........
#@†#..#...........
#h†#..#...........
#..').#...##...##'
#%.#..###########.
#%%#..# #.......
####### #.......
#....... #.......
#######......


You could see a hog.

Vanquished Creatures
  Pikel (D:6)
  A human (D:7)
  3 hogs (D:7)
  An ice beast (D:7)
  A slave (D:6)
  A phantom (D:4)
  2 centaurs
  An ogre (D:7)
  A gnoll sergeant (D:7)
  A bullfrog (D:6)
  A scorpion (D:4)
  3 crimson imps
  A howler monkey (D:4)
  2 hounds
  2 orc priests
  An orc wizard (D:5)
  Jessica (D:2)
  A centaur skeleton (D:5)
  Ijyb (D:5)
  Natasha (thrice) (D:3)
  3 iguanas (D:5)
  2 worker ants
  6 gnolls
  8 adders
  2 oozes
  2 worms
  2 dart slugs (D:3)
  4 leopard geckos
  15 orcs
  8 bats
  7 giant cockroaches
  6 goblins
  3 hobgoblins (D:2)
  9 jackals
  2 quokkas
  4 frilled lizards
  6 kobolds
  2 leopard gecko skeletons
  A leopard gecko zombie (D:7)
  A quokka skeleton (D:7)
  5 rats
127 creatures vanquished.

Vanquished Creatures (others)
  A worm (D:6)
  A jackal (D:6)
2 creatures vanquished.

Grand Total: 129 creatures vanquished

Notes
Turn   | Place    | Note
-------+----------+-------------------------------------------
     0 | D:1      | valkyrieboi the Hill Orc Fighter began the quest for the Orb.
     0 | D:1      | Reached XP level 1. HP: 19/19 MP: 1/1
    96 | D:1      | Reached skill level 3 in Axes
   137 | D:1      | Reached XP level 2. HP: 10/27 MP: 2/2
   823 | D:2      | Reached XP level 3. HP: 29/33 MP: 3/3
   898 | D:2      | Reached skill level 4 in Axes
  1182 | D:2      | Reached XP level 4. HP: 40/40 MP: 4/4
  1301 | D:2      | Noticed Jessica
  1304 | D:2      | Killed Jessica
  1647 | D:3      | Noticed Natasha
  1654 | D:3      | Killed Natasha
  1654 | D:3      | Reached skill level 5 in Axes
  1681 | D:3      | Reached XP level 5. HP: 15/47 MP: 5/5
  1986 | D:3      | Noticed Natasha
  1991 | D:3      | Killed Natasha
  2044 | D:3      | Noticed Natasha
  2052 | D:3      | Killed Natasha
  2263 | D:3      | Reached skill level 5 in Fighting
  2263 | D:3      | Reached skill level 6 in Axes
  2263 | D:3      | Reached XP level 6. HP: 55/56 MP: 6/6
  2348 | D:3      | Found an iron altar of Okawaru.
  3424 | D:4      | Reached skill level 5 in Armour
  3430 | D:4      | Noticed a phantom
  3469 | D:4      | Killed a phantom
  3469 | D:4      | Reached skill level 7 in Axes
  3469 | D:4      | Reached XP level 7. HP: 36/61 MP: 7/7
  4036 | D:5      | Entered Level 5 of the Dungeon
  4495 | D:5      | Noticed Ijyb
  4507 | D:5      | Killed Ijyb
  4507 | D:5      | Reached skill level 8 in Axes
  4536 | D:5      | Found an iron altar of Okawaru.
  4898 | D:5      | Found an ancient bone altar of Kikubaaqudgha.
  5287 | D:6      | Noticed Pikel
  5299 | D:6      | Killed Pikel
  5299 | D:6      | Reached skill level 9 in Axes
  5299 | D:6      | Reached XP level 8. HP: 54/71 MP: 8/8
  6181 | D:7      | Reached skill level 10 in Axes
  6385 | D:7      | Reached XP level 9. HP: 79/79 MP: 9/9
  6861 | D:7      | Found a staircase to the Ecumenical Temple.
  6974 | D:7      | Reached skill level 11 in Axes
  6987 | D:7      | HP: 4/81 [hog (2)]
  6988 | D:7      | Slain by a hog

Skill      XL: |  1  2  3  4  5  6  7  8  9 |
---------------+----------------------------+-----
Axes           | 3 4 5 6 7 9 10 11 | 11.5
Fighting       | 4 5 6 7 8 |  8.2
Armour         | 4 5 6 7 |  7.6
Shields        | |  3.2

Action                   |  1- 3 |  4- 6 |  7- 9 || total
-------------------------+-------+-------+-------++-------
Melee: War axe           |   105 |   223 |   218 ||   546
 Stab: Sleeping          |       |       |     1 ||     1
  Eat: Chunk             |     1 |     8 |    10 ||    19
Armor: Scale mail        |    61 |   118 |    49 ||   228
       Ring mail         |       |       |    18 ||    18
Dodge: Dodged            |    37 |    65 |    78 ||   180
Block: Shield            |    74 |   107 |    99 ||   280
